 Dungeon Crawl Stone Soup version 0.19-a0-1608-g4cf22de (webtiles) character file.

2319 Lochraine the Covert (level 9, -2/78 HPs)
             Began as a Kobold Hunter on Sept 16, 2016.
             Was a Believer of Trog.
             Killed by divine providence
             ... invoked by an orc priest
              (11 damage)
             ... on level 6 of the Dungeon on Sept 17, 2016.
             The game lasted 00:43:13 (6602 turns).

Lochraine the Covert (Kobold Hunter)                Turns: 6602, Time: 00:43:17

Health: -2/78      AC: 24    Str:  9    XL:     9   Next: 69%
Magic:  9/9        EV:  3    Int: 12    God:    Trog [**....]
Gold:   309        SH:  0    Dex: 24    Spells: 0 memorised, 8 levels left

rFire  . . .     SeeInvis .     b - +0 dagger (venom)
rCold  + . .     Gourm    .     (armour currently unavailable)
rNeg   + + +     Faith    .     (shield restricted)
rPois  +         Spirit   .     (helmet currently unavailable)
rElec  .         Dismiss  .     (cloak currently unavailable)
rCorr  +         Reflect  .     (gloves currently unavailable)
MR     .....     Harm     .     (boots currently unavailable)
Stlth  +++++++++. NoTele   +    (no amulet)
                                l - ring of protection from cold
                                B - ring of resist corrosion

@: agile, exhausted, tree-form, marked, slowed, very slow
A: carnivore 3
a: Berserk, Trog's Hand, Burn Spellbooks, Renounce Religion


You were on level 6 of the Dungeon.
You worshipped Trog.
Trog was pleased with you.
You were very full.
You were a tree.
You visited 1 branch of the dungeon, and saw 6 of its levels.

You collected 309 gold pieces.

Inventory:

Hand Weapons
 a - a +1 hand crossbow
 b - a +0 dagger of venom (weapon)
 q - a +0 rapier
 E - a +0 short sword
Missiles
 d - 53 bolts
Armour
 m - a +0 ring mail
 o - a +0 animal skin (melded)
 y - a +0 pair of boots (melded)
 A - a +0 helmet (melded)
 F - a cursed +0 cloak (melded)
Jewellery
 k - an uncursed ring of fire
 l - a ring of protection from cold (right branch)
 B - a ring of resist corrosion (left branch)
Wands
 v - a wand of iceblast (5/15)
 w - a wand of flame (26/48)
 G - a wand of flame (28/48)
Scrolls
 c - a scroll of fog {unknown}
 e - 2 scrolls of identify
 h - a scroll of enchant weapon {unknown}
 i - a scroll of amnesia
 j - a scroll of teleportation
 n - 2 scrolls of remove curse {unknown}
 t - a scroll of fear {unknown}
 u - a scroll of recharging {unknown}
 x - a scroll of magic mapping {unknown}
 C - a scroll of enchant armour {unknown}
 D - a scroll of random uselessness {unknown}
 L - a scroll of blinking {unknown}
Potions
 p - a potion of lignification
 r - a potion of magic
 z - 2 potions of flight
 H - a potion of cure mutation
 I - a potion of curing
Comestibles
 f - 3 meat rations
 g - 2 beef jerkies
 s - a royal jelly


   Skills:
 + Level 4.2 Fighting
 - Level 6.6 Short Blades
 - Level 7.0 Crossbows
 - Level 7.0 Dodging
 - Level 11.2 Stealth


You had 8 spell levels left.
You didn't know any spells.

Dungeon Overview and Level Annotations

Branches:
Dungeon (6/15)
 Temple: D:4-7

Altars:
Fedhas
Okawaru
Trog
Uskayaw
Vehumet

Annotations:
D:6 Prince Ribbit


Innate Abilities, Weirdness & Mutations

You are small and have problems with some larger weapons.
You are carnivorous and can eat meat at any time.


Message History

The scorpion closely misses you. Prince Ribbit misses you.
The bullfrog misses you.
An orc comes into view. It is wielding a mace.
Prince Ribbit hits you.
* * * LOW HITPOINT WARNING * * *
Prince Ribbit completely misses you. The scorpion misses you.
You turn into a tree.
Your cursed +0 cloak melds into your body.
Your +0 helmet melds into your body.
Your +0 pair of boots melds into your body.
Your +0 animal skin melds into your body.
Your roots penetrate the ground.
You feel strangely stable. Prince Ribbit hits you.
* * * LOW HITPOINT WARNING * * *
Prince Ribbit hits you but does no damage.
The scorpion stings you but does no damage.
An orc priest comes into view. It is wielding a hand axe.
The orc priest invokes the aid of Beogh against you.
Beogh smites you!
You die...

#.# ##))..#####... #.#
#..##.......># #.#
#..####..<.#.. #.# #).#
##..###. #.# #..# #..####
##### #.## #).# ##..# #
##...### ##..# #..# ##.##
#.<....###..a### #..# ##.##
#..####.o.o.oFsā™£###..###
##.# ...[
##.....##F..#....### ##. ...
##...####.........## ##. #F.
##...# ##...####..####.. ##
#####..## #...####......##
####..###..###..........####
#......###..##...####..##
#..###..##....#### ##..# #
#>.####......## ##.# ##


You could see Prince Ribbit, a bullfrog, a scorpion, a worker ant, an orc priest
and 2 orcs.

Vanquished Creatures
  Grinder (D:5)
  Sigmund (D:5)
  The ghost of wazuzu the Ruffian, an amateur VSMo (D:5)
  Edmund (D:5)
  Duvessa (D:4)
  An ice beast (D:3)
  An orc warrior (D:6)
  A centaur (D:5)
  8 big kobolds (D:5)
  Dowan (D:4)
  A scorpion (D:5)
  A crimson imp (D:5)
  An orc priest (D:4)
  A hound (D:6)
  A jelly (D:5)
  2 bullfrog skeletons (D:6)
  3 orc wizards
  A centaur skeleton (D:6)
  A worker ant (D:6)
  A hound skeleton (D:5)
  Robin (D:3)
  A howler monkey skeleton (D:4)
  7 gnolls
  6 adders
  3 oozes
  An adder zombie (D:5)
  7 worms
  2 dart slugs
  8 leopard geckos
  16 orcs
  A ball python (D:1)
  7 giant cockroaches
  14 goblins
  12 hobgoblins
  4 jackals (D:1)
  6 quokkas
  9 bats
  8 frilled lizards
  41 kobolds
  8 rats
192 creatures vanquished.

Notes
Turn   | Place    | Note
-------+----------+-------------------------------------------
     0 | D:1      | Lochraine the Kobold Hunter began the quest for the Orb.
     0 | D:1      | Reached XP level 1. HP: 12/12 MP: 1/1
    36 | D:1      | Reached skill level 5 in Crossbows
    67 | D:1      | Reached XP level 2. HP: 16/17 MP: 2/2
   274 | D:1      | Reached XP level 3. HP: 21/21 MP: 3/3
   880 | D:2      | Reached skill level 2 in Stealth
  1121 | D:2      | Found a blossoming altar of Fedhas.
  1146 | D:2      | Reached XP level 4. HP: 26/26 MP: 4/4
  1229 | D:2      | Reached skill level 3 in Stealth
  1747 | D:2      | Reached skill level 4 in Stealth
  1958 | D:3      | Noticed Robin
  2022 | D:3      | Noticed an ice beast
  2033 | D:3      | HP: 1/26 [ice beast (12)]
  2045 | D:3      | Killed an ice beast
  2045 | D:3      | Reached XP level 5. HP: 23/30 MP: 5/5
  2080 | D:3      | Reached XP level 6. HP: 31/35 MP: 6/6
  2265 | D:3      | Killed Robin
  2265 | D:3      | Reached skill level 5 in Dodging
  2451 | D:3      | Found a radiant altar of Vehumet.
  2927 | D:4      | Reached skill level 1 in Short Blades
  3021 | D:4      | Noticed Duvessa
  3022 | D:4      | Noticed Dowan
  3038 | D:4      | Killed Dowan
  3207 | D:4      | Reached XP level 7. HP: 29/40 MP: 7/7
  3604 | D:4      | Noticed a moth of wrath
  3730 | D:4      | Found a bloodstained altar of Trog.
  3753 | D:4      | Became a worshipper of Trog the Wrathful
  3810 | D:4      | Found a hide-covered altar of Uskayaw.
  3891 | D:4      | Reached skill level 5 in Short Blades
  3987 | D:4      | Killed Duvessa
  4132 | D:4      | Found an iron altar of Okawaru.
  4230 | D:5      | Entered Level 5 of the Dungeon
  4231 | D:5      | Upgraded the game from 0.19-a0-1587-gaef70b6 to 0.19-a0-1608-g4cf22de
  4246 | D:5      | Noticed Sigmund
  4324 | D:5      | Noticed wazuzu's ghost (amateur VSMo)
  4622 | D:5      | Reached skill level 5 in Stealth
  4622 | D:5      | Reached XP level 8. HP: 34/44 MP: 8/8
  4634 | D:5      | Noticed Edmund
  4710 | D:5      | Killed Edmund
  4710 | D:5      | Reached skill level 6 in Stealth
  4754 | D:5      | Reached skill level 7 in Stealth
  4767 | D:5      | Reached * piety under Trog
  4896 | D:5      | Reached skill level 8 in Stealth
  4905 | D:5      | Reached skill level 9 in Stealth
  4927 | D:5      | Reached skill level 10 in Stealth
  5044 | D:5      | Noticed Grinder
  5052 | D:5      | Paralysed by Grinder for 3 turns
  5062 | D:5      | Paralysed by Grinder for 4 turns
  5097 | D:5      | Paralysed by Grinder for 4 turns
  5100 | D:5      | HP: 1/44 [Grinder (8)]
  5102 | D:5      | Killed Grinder
  5102 | D:5      | Reached skill level 11 in Stealth
  5102 | D:5      | Reached XP level 9. HP: 32/48 MP: 9/9
  5352 | D:5      | Reached ** piety under Trog
  5499 | D:5      | Killed Sigmund
  5665 | D:5      | Killed wazuzu's ghost
  6077 | D:6      | Noticed Prince Ribbit
  6602 | D:6      | Killed from afar by an orc priest

Vault maps used:
D:1:      dpeg_arrival_rhombus, minmay_pentomino_r2
D:2:      fedhas_altar_3
D:3:      lemuel_crystal_altar, uniq_robin
D:4:      nicolae_overflow_hidden_temple, lemuel_crystal_altar,
          okawaru_altar_gauntlet_db, first_bread, tgw_trog, uniq_duvessa
D:5:      minmay_goblin_kobold_castle, uniq_grinder, uniq_sigmund, uniq_edmund
D:6:      uniq_prince_ribbit1

Skill      XL: |  1  2  3  4  5  6  7  8  9 |
---------------+----------------------------+-----
Crossbows      | 5 6 7 |  7.0
Stealth        | 2 4 5 11 | 11.2
Dodging        | 4 5 7 |  7.0
Short Blades   | 3 6 |  6.6
Fighting       | 4 |  4.2

Action                   |  1- 3 |  4- 6 |  7- 9 || total
-------------------------+-------+-------+-------++-------
Melee: Short sword       |    37 |   131 |     7 ||   175
       Rapier            |    13 |       |       ||    13
       Dagger            |       |       |   353 ||   353
 Fire: Hand crossbow     |    43 |    68 |    84 ||   195
Invok: Berserk           |       |       |     4 ||     4
  Use: Scroll            |       |     4 |     7 ||    11
       Potion            |       |     2 |     8 ||    10
 Stab: Sleeping          |     2 |     9 |    13 ||    24
       Distracted        |       |       |     1 ||     1
  Eat: Chunk             |     9 |     7 |    13 ||    29
Armor: Leather armour    |    11 |    10 |       ||    21
       Animal skin       |       |    18 |    36 ||    54
       Skin              |       |       |    25 ||    25
Dodge: Dodged            |    49 |   140 |   258 ||   447
